 Dungeon Crawl Stone Soup version 0.21.1-1-g345015f (webtiles) character file.

283559 lyrx the Ninja (level 19, -36/88 HPs)
             Began as a Spriggan Enchanter on Mar 27, 2018.
             Was a Follower of Uskayaw.
             Blown up by Boris (124 damage)
             ... with an orb of destruction
             ... on level 3 of the Vaults on Mar 28, 2018.
             The game lasted 08:35:04 (47164 turns).

lyrx the Ninja (Spriggan Enchanter)                Turns: 47164, Time: 08:35:05

Health: -36/88     AC:  8    Str:  9    XL:     19   Next: 76%
Magic:  39/39      EV: 40    Int: 17    God:    Uskayaw [*.....]
Gold:   1439       SH:  0    Dex: 33    Spells: 14/48 levels left

rFire    + + .     SeeInvis +   Y - +2 quick blade "Demonslayer" {pierce, rN+ MR+ Str+4}
rCold    . . .     Gourm    .   (shield restricted)
rNeg     + . .     Faith    .   E - +2 robe {Archmagi}
rPois    .         Spirit   .   c - +2 hat {MR+}
rElec    .         Reflect  .   I - +0 cloak
rCorr    .         Harm     .   (gloves unavailable)
MR       +++++                  (boots unavailable)
Stlth    ++++++++++             b - amulet of magic regeneration
HPRegen  0.24/turn              p - ring of the Octopus King {rF+ AC+1 EV+1 Str+1 Int+1 Dex+1}
MPRegen  0.51/turn              M - ring of Keym Ver {rF+ Dex+7}

@: very slightly contaminated, very quick
A: very small, unfitting armour, see invisible, herbivore, speed 3, slow
metabolism 2
}: 2/15 runes: decaying, gossamer
a: Stomp, Renounce Religion


You were on level 3 of the Vaults.
You worshipped Uskayaw.
Uskayaw was noncommittal.
You were not hungry.

You visited 8 branches of the dungeon, and saw 36 of its levels.
You also visited: Labyrinth and Volcano.

You collected 3599 gold pieces.
You spent 2160 gold pieces at shops.

Inventory:

Hand Weapons
 a - the +2 rapier of Precise Incision {freeze, rF+ rN+}
   (You found it on level 2 of the Vaults)

   It has been specially enchanted to freeze those struck by it, causing extra
   injury to most foes and up to half again as much damage against particularly
   susceptible opponents.
   It can also slow down cold-blooded creatures.
   It protects you from fire.
   It protects you from negative energy.
 o - the +1 rapier of Lumpy {speed, rF+ MR+}
   (You acquired it on level 2 of the Orcish Mines)

   Attacks with this weapon are significantly faster.
   It protects you from fire.
   It affects your resistance to hostile enchantments.
 T - the +7 hunting sling "Weec" {flame, rElec rC+}
   (You found it on level 13 of the Dungeon)

   It causes projectiles fired from it to burn those they strike, causing extra
   injury to most foes and up to half again as much damage against particularly
   susceptible opponents.
   It protects you from cold.
   It insulates you from electricity.
 Y - the +2 quick blade "Demonslayer" (weapon) {pierce, rN+ MR+ Str+4}
   (You acquired it on level 14 of the Dungeon)

   It inflicts extra damage upon your enemies.
   It affects your strength (+4).
   It protects you from negative energy.
   It affects your resistance to hostile enchantments.
Missiles
 g - 532 stones (quivered)
 V - 48 sling bullets
Armour
 c - a +2 hat of magic resistance (worn)
 i - a +1 robe of magic resistance
 E - a +2 robe of the Archmagi (worn)
 I - a +0 cloak (worn)
 Q - a +2 robe of magic resistance
Jewellery
 b - an amulet of magic regeneration (around neck)
 p - a ring of the Octopus King (left hand) {rF+ AC+1 EV+1 Str+1 Int+1 Dex+1}
   (You found it on level 5 of the Lair of Beasts)

   [ring of protection from fire]

   It affects your AC (+1).
   It affects your evasion (+1).
   It affects your strength (+1).
   It affects your intelligence (+1).
   It affects your dexterity (+1).
   It protects you from fire.
 M - the ring of Keym Ver (right hand) {rF+ Dex+7}
   (You bought it in a shop on level 9 of the Dungeon)

   [ring of protection from fire]

   It affects your dexterity (+7).
   It protects you from fire.
Wands
 m - a wand of disintegration (22)
 w - a wand of flame (29)
 x - a wand of digging (21)
 z - a wand of iceblast (52)
 F - a wand of acid (21)
 P - a wand of paralysis (15)
 U - a wand of polymorph (89)
Scrolls
 f - 3 scrolls of enchant armour
 h - 10 scrolls of remove curse
 j - 21 scrolls of identify
 k - 27 scrolls of teleportation
 v - 5 scrolls of magic mapping
 B - a scroll of amnesia
 H - 2 scrolls of blinking
 X - 7 scrolls of vulnerability
Potions
 e - 4 potions of haste
 l - 3 potions of brilliance
 q - 14 potions of curing
 s - 8 potions of ambrosia
 t - a potion of heal wounds
 A - 2 potions of resistance
 J - 4 potions of might
Books
 n - a book of Callings

   Spells                             Type                      Level
   a - Summon Small Mammal            Summoning                    1
   b - Call Imp                       Summoning                    2
   c - Call Canine Familiar           Summoning                    3
   d - Summon Guardian Golem          Hexes/Summoning              3
   e - Summon Lightning Spire         Summoning/Air                4
   f - Summon Ice Beast               Ice/Summoning                4
Miscellaneous
 r - 2 phantom mirrors
 y - a box of beasts
 N - a lamp of fire
Comestibles
 d - 38 rations


   Skills:
 - Level 5.3 Fighting
 - Level 15.1 Short Blades
 * Level 9.7 Slings
 * Level 17.6 Dodging
 O Level 27 Stealth
 + Level 15.3 Spellcasting
 + Level 18.5 Hexes
 + Level 1.1 Charms
 * Level 7.6 Translocations
 - Level 2.2 Ice Magic
 - Level 0.2 Air Magic
 * Level 7.2 Evocations


You had 14 spell levels left.
You knew the following spells:

 Your Spells              Type           Power        Failure   Level  Hunger
a - Corona                Hex            #######      0%          1    None
b - Ensorcelled Hibernat  Hex/Ice        ######       1%          2    None
c - Confuse               Hex            #######.     0%          3    None
d - Invisibility          Hex            #######.     1%          6    #####..
e - Blink                 Tloc           N/A          1%          2    None
f - Silence               Hex/Air        ######....   3%          5    ####...
g - Discord               Hex            #######...   16%         8    #######
h - Metabolic Englaciati  Hex/Ice        ######....   1%          5    ####...
i - Shroud of Golubria    Chrm/Tloc      #####.....   1%          2    None


Dungeon Overview and Level Annotations

Branches:
Dungeon (15/15)            Temple (1/1) D:4            Lair (6/6) D:9
  Swamp (4/4) Lair:3       Spider (4/4) Lair:2        Slime (0/5) Lair:5
    Orc (2/2) D:10            Elf (0/3) Orc:2        Vaults (3/5) D:14
 Depths (1/5) D:15
  Crypt: Vaults:2-3

Altars:
Ashenzari
Cheibriados
Dithmenos
Elyvilon
Fedhas
Gozag
Hepliaklqana
Kikubaaqudgha
Makhleb
Nemelex Xobeh
Okawaru
Qazlal
Ru
Sif Muna
Trog
Uskayaw
Vehumet
Wu Jian
Xom
Yredelemnul
Zin
The Shining One
Beogh

Shops:
D:9 =   D:13 (   D:15 *   Orc:2 [:(!*   Vaults:1 ?

Portals:
Trove: D:14 (give 22 scrolls of identify)

Annotations:
Vaults:3 Boris


Innate Abilities, Weirdness & Mutations

You are very small and have problems with some larger weapons.
You are too small for most types of armour.
You have supernaturally acute eyesight. (SInv)
You are a herbivore.
You cover ground extremely quickly.
You need consume almost no food.


Message History

As you read the scroll of summoning, it crumbles to dust.
Wisps of shadow whirl around you...
Boris points at you and mumbles some strange words.
The bolt of cold misses you.
A bolt of fire appears from out of your range of vision.
The bolt of fire hits your vault sentinel.
Your vault sentinel resists.
Boris conjures a glowing orb.
An orb of destruction comes into view.
Your vault sentinel hits Boris with a long sword.
Boris hits your vault sentinel. Boris touches your vault sentinel!
A bolt of negative energy appears from out of your range of vision.
The bolt of negative energy hits your vault sentinel.
Your vault sentinel is drained!
Your ironbrand convoker hits Boris with a great mace.
Boris hits your ironbrand convoker but does no damage.
Boris touches your ironbrand convoker. The orb of destruction hits you!
Ouch! That really hurt!
You die...

.....####'######.................
.....##.#.#.#.##.................
.....'..#.'.#..#.....#########'##
....###''.#.'###.....# ####...
...###....#....#.....# #......
#### ####'###'##.....# #.##...
#....#....'.....# #.#####
####.#.'###.....# #.##...
#..#.#.#..#@....# #......
##.'.'.#.##§....# ####...
###########§....# #### #.§..(#
########..§..#########
#########......#.(p§.#.......#
.......##......#....p#..<....#
.......##......'....L'.......#
.......##......'.....#.......#


You could see Boris, a friendly vault sentinel and a friendly ironbrand
convoker.

Vanquished Creatures
  Mara (Spider:3)
  Bai Suzhen (Swamp:3)
  the Lernaean hydra (Swamp:4)
  Arachne (Spider:3)
  Jorgrun (Vaults:2)
  Rupert (D:14)
  Gastronok (D:11)
  Kirke (Swamp:1)
  A sphinx (Vaults:2)
  A thorn hunter (Swamp:3)
  A tengu reaver (Vaults:2)
  Donald (Swamp:3)
  A frost giant (Vaults:2)
  Aizul (Spider:2)
  Louise (Swamp:3)
  4 vault wardens
  3 ghost moths (Spider:4)
  7 emperor scorpions (Spider:4)
  A ghoul (Vaults:1)
  4 stone giants
  A very ugly thing (Swamp:2)
  8 ironheart preservers
  2 entropy weavers
  The ghost of Kairos the Cleaver, a journeyman GrGl of Okawaru (Swamp:2)
  Azrael (D:12)
  Nessos (Orc:2)
  A red draconian (Volcano)
  4 ettins
  A fire dragon (Vaults:1)
  A minotaur (Lab)
  Josephine (D:10)
  A rakshasa (Vaults:1)
  2 yaktaur captains
  Erolcha (Orc:2)
  4 vault guards (Vaults:2)
  A great orb of eyes (Vaults:1)
  An ice dragon (Vaults:3)
  8 alligators
  18 hydras
  5 ghost crabs
  A two-headed ogre (shapeshifter) (Vaults:2)
  2 catoblepae
  3 death knights
  5 centaur warriors
  2 dancing weapons (D:14)
  The ghost of Redear the Grappler, a novice TrMo (D:11)
  41 two-headed ogres
  13 ogre magi
  A vampire mage (D:15)
  5 death yaks (Lair:6)
  A deep troll shaman (Lair:6)
  Urug (D:14)
  4 spriggans
  An orc high priest (Orc:1)
  Sonja (D:11)
  The ghost of Redear the Grappler, a novice TrMo (D:9)
  4 skeletal warriors
  A shadow wraith (Vaults:3)
  3 glowing orange brains
  4 unseen horrors
  The ghost of Shinoi the Distorting Demonspawn, a novice DsAK of Lugonu (D:7)
  3 spriggan druids (Swamp:4)
  9 swamp dragons
  Pikel (D:4)
  A wizard (Vaults:2)
  9 harpies
  5 ironbrand convokers
  2 shambling mangroves
  2 phantasmal warriors
  A deep elf archer (Vaults:1)
  2 stone giant zombies
  2 deep elf magi
  2 necromancers
  13 orc sorcerers
  16 ugly things
  15 orb spiders
  2 manticores
  6 orc knights
  5 oklob plants (Lair:5)
  2 moths of wrath
  26 wolf spiders
  9 cyclopes
  A stone giant skeleton (D:15)
  7 black mambas
  13 vault sentinels
  3 elephants (Lair:6)
  A torpor snail (Lair:6)
  13 spiny frogs
  A gargoyle (D:12)
  9 komodo dragons
  6 centaur skeletons
  A rime drake (Lair:1)
  6 demonic crawlers
  A freezing wraith (Vaults:1)
  A guardian mummy (D:15)
  A spriggan skeleton (D:15)
  24 yaktaurs
  A queen bee (Lair:1)
  A yaktaur skeleton (Vaults:1)
  23 jumping spiders
  2 polar bears (Lair:6)
  8 trolls
  13 hornets
  A jumping spider (shapeshifter) (Vaults:3)
  10 tyrant leeches
  33 slime creatures
  18 blink frogs
  3 bog bodies (Swamp:3)
  14 hippogriffs
  5 dream sheep (Lair:4)
  A fire dragon zombie (D:15)
  A minotaur skeleton (Lab)
  59 redbacks
  4 shadows
  A tarantella (shapeshifter) (Vaults:1)
  4 wraiths
  4 fire elementals (D:12)
  A vampire (D:15)
  74 yaks
  18 tarantellas
  4 hogs (Swamp:1)
  A human (Swamp:1)
  A yak (shapeshifter) (Vaults:3)
  5 wyverns
  6 basilisks
  7 vampire mosquitoes
  A golden eye (shapeshifter) (Vaults:2)
  2 hungry ghosts (D:10)
  6 insubstantial wisps (Swamp:4)
  Menkaure (D:7)
  5 wargs
  25 swamp worms
  2 acid dragons
  2 hell hounds (D:12)
  An ogre zombie (Vaults:1)
  2 soldier ants (D:8)
  13 water moccasins
  4 porcupines
  17 swamp drakes
  3 sky beasts
  A black bear (D:10)
  26 orc warriors
  A hornet zombie (D:15)
  33 ogres
  An ice beast (D:14)
  3 slaves (D:4)
  An ice dragon simulacrum (Vaults:1)
  2 phantoms
  The ghost of Shinoi the Chopper, an amateur DsAK of Lugonu (D:3)
  A necrophage (D:12)
  13 wolves
  4 boggarts (Vaults:3)
  8 crocodiles
  5 centaurs
  2 human skeletons (Vaults:1)
  A yaktaur zombie (Vaults:1)
  10 bullfrogs
  An ogre simulacrum (Vaults:1)
  8 scorpions
  34 killer bees
  10 wights
  7 howler monkeys
  4 crimson imps
  A lava snake (D:15)
  7 centaur zombies
  5 bullfrog zombies
  A human simulacrum (Vaults:1)
  2 quasits
  3 jellies
  7 hounds
  14 orc priests
  4 bullfrog skeletons
  4 iguanas
  39 orc wizards
  Jessica (D:3)
  6 worker ants
  2 hound skeletons
  A howler monkey zombie (D:10)
  A worker ant zombie (D:10)
  A howler monkey skeleton (D:8)
  5 adders
  6 gnolls
  3 shadow imps
  2 oozes (D:4)
  2 adder skeletons
  An adder zombie (D:8)
  19 worms
  3 dart slugs (D:1)
  2 leopard geckos (D:4)
  85 orcs
  5 bats
  2 giant cockroaches
  11 goblins
  4 hobgoblins
  7 jackals
  7 kobolds
  4 quokkas
  3 frilled lizards
  A giant cockroach zombie (D:4)
  A leopard gecko skeleton (D:4)
  A quokka skeleton (D:4)
  8 rats
1279 creatures vanquished.

Vanquished Creatures (others)
  A two-headed ogre (Vaults:1)
  A redback (Spider:3)
  An orc priest (D:14)
  A bush (Lair:6)
  13 fungi
  10 plants
27 creatures vanquished.

Grand Total: 1306 creatures vanquished

Notes
Turn   | Place    | Note
-------+----------+-------------------------------------------
     0 | D:1      | lyrx the Spriggan Enchanter began the quest for the Orb.
     0 | D:1      | Reached XP level 1. HP: 9/9 MP: 5/5
    74 | D:1      | Reached XP level 2. HP: 13/13 MP: 6/6
    83 | D:1      | Reached skill level 5 in Stealth
    97 | D:1      | Learned a level 2 spell: Ensorcelled Hibernation
   243 | D:1      | Found a shattered altar of Ashenzari.
   830 | D:2      | Reached XP level 3. HP: 15/16 MP: 4/8
   866 | D:2      | Learned a level 3 spell: Confuse
  1753 | D:3      | Noticed Jessica
  1947 | D:3      | Reached skill level 6 in Stealth
  1947 | D:3      | Reached XP level 4. HP: 12/21 MP: 2/9
  1962 | D:3      | HP: 1/21 [orc/whip (8)]
  2377 | D:3      | Noticed Shinoi's ghost (amateur DsAK)
  2396 | D:3      | Killed Shinoi's ghost
  2396 | D:3      | Reached XP level 5. HP: 8/24 MP: 2/10
  2398 | D:3      | Killed Jessica
  2398 | D:3      | Reached skill level 7 in Stealth
  2769 | D:5      | Entered Level 5 of the Dungeon
  3065 | D:4      | Noticed Pikel
  3065 | D:4      | Noticed a slave
  3066 | D:4      | Noticed a slave
  3067 | D:4      | Noticed a slave
  3067 | D:4      | Noticed a slave
  3078 | D:4      | Killed a slave
  3106 | D:4      | Killed a slave
  3204 | D:4      | Killed a slave
  3232 | D:4      | Killed Pikel
  3232 | D:4      | Reached skill level 1 in Fighting
  3232 | D:4      | Reached skill level 8 in Stealth
  3232 | D:4      | Reached skill level 5 in Hexes
  3232 | D:4      | Reached skill level 1 in Ice Magic
  3232 | D:4      | Reached XP level 6. HP: 8/30 MP: 0/12
  3232 | D:4      | Reached XP level 7. HP: 9/33 MP: 0/13
  3724 | D:4      | Found a staircase to the Ecumenical Temple.
  3733 | Temple   | Entered the Ecumenical Temple
  4031 | Temple   | Became a worshipper of Uskayaw the Reveler
  4130 | D:4      | Found a blossoming altar of Fedhas.
  4212 | D:4      | Reached * piety under Uskayaw
  4233 | D:4      | Found a stormy altar of Qazlal.
  4307 | D:5      | Reached skill level 9 in Stealth
  4462 | D:5      | Reached ** piety under Uskayaw
  4465 | D:5      | Reached skill level 5 in Short Blades
  4557 | D:5      | Reached XP level 8. HP: 35/37 MP: 11/15
  4608 | D:5      | Reached skill level 10 in Stealth
  4621 | D:5      | Reached *** piety under Uskayaw
  5118 | D:5      | Found a shadowy altar of Dithmenos.
  5334 | D:6      | Found a sparkling altar of Nemelex Xobeh.
  5611 | D:6      | You fall through a shaft!
  5612 | D:7      | Noticed Shinoi's ghost (novice DsAK)
  5872 | D:7      | Found a sacrificial altar of Ru.
  5912 | D:7      | Noticed Menkaure
  5919 | D:7      | Killed Menkaure
  5919 | D:7      | Reached skill level 11 in Stealth
  6030 | D:6      | Noticed a two-headed ogre
  6038 | D:6      | Reached skill level 5 in Spellcasting
  6070 | D:6      | Killed a two-headed ogre
  6070 | D:6      | Reached skill level 12 in Stealth
  6070 | D:6      | Reached XP level 9. HP: 41/41 MP: 11/18
  7385 | D:7      | Killed Shinoi's ghost
  7385 | D:7      | Reached skill level 13 in Stealth
  7813 | D:7      | Reached XP level 10. HP: 45/45 MP: 20/20
  8162 | D:8      | Reached skill level 14 in Stealth
  8427 | D:8      | Reached skill level 5 in Dodging
  8777 | D:8      | Noticed a two-headed ogre
  8783 | D:8      | Noticed a two-headed ogre
  8795 | D:8      | Killed a two-headed ogre
  8803 | D:8      | Killed a two-headed ogre
  8976 | D:9      | Reached skill level 15 in Stealth
  8983 | D:9      | Reached skill level 10 in Hexes
  9177 | D:9      | Noticed Redear's ghost (novice TrMo)
  9236 | D:9      | Killed Redear's ghost
  9236 | D:9      | Reached XP level 11. HP: 50/50 MP: 21/23
  9406 | D:9      | Found Wyxeh's Jewellery Boutique.
  9421 | D:9      | Found a staircase to the Lair.
  9434 | D:9      | Noticed a two-headed ogre
  9441 | D:9      | Killed a two-headed ogre
  9840 | D:10     | Entered Level 10 of the Dungeon
  9904 | D:10     | Reached **** piety under Uskayaw
  9947 | D:9      | Bought the ring of Keym Ver {rF+ Dex+7} for 560 gold pieces
  9966 | Lair:1   | Entered Level 1 of the Lair of Beasts
 10239 | Lair:1   | Reached skill level 16 in Stealth
 10281 | Lair:1   | Reached ***** piety under Uskayaw
 10570 | Lair:1   | Noticed a six-headed hydra
 10590 | Lair:1   | Killed a six-headed hydra
 10590 | Lair:1   | Reached skill level 17 in Stealth
 10992 | Lair:1   | Reached ****** piety under Uskayaw
 11556 | Lair:2   | Noticed an eight-headed hydra
 11559 | Lair:2   | Found a hole to the Spider Nest.
 11563 | Lair:2   | Killed an eight-headed hydra
 11563 | Lair:2   | Reached skill level 18 in Stealth
 11563 | Lair:2   | Reached XP level 12. HP: 54/54 MP: 25/25
 12412 | Lair:3   | Noticed a four-headed hydra
 12419 | Lair:3   | Killed a four-headed hydra
 12419 | Lair:3   | Reached skill level 19 in Stealth
 12541 | Lair:3   | Found a dark tunnel.
 12605 | Volcano  | Entered a volcano
 12643 | Volcano  | Noticed a two-headed ogre
 12650 | Volcano  | Killed a two-headed ogre
 12671 | Volcano  | Noticed a two-headed ogre
 12674 | Volcano  | Killed a two-headed ogre
 12706 | Volcano  | Noticed an ogre mage
 12707 | Volcano  | Noticed a two-headed ogre
 12707 | Volcano  | Noticed a two-headed ogre
 12711 | Volcano  | Killed a two-headed ogre
 12714 | Volcano  | Killed an ogre mage
 12714 | Volcano  | Reached skill level 20 in Stealth
 12716 | Volcano  | Killed a two-headed ogre
 12780 | Volcano  | Noticed a red draconian
 12780 | Volcano  | Noticed a two-headed ogre
 12788 | Volcano  | Killed a two-headed ogre
 12789 | Volcano  | Killed a red draconian
 12789 | Volcano  | Reached skill level 10 in Dodging
 12932 | Lair:3   | Reached XP level 13. HP: 58/58 MP: 27/27
 13549 | Lair:3   | Found a staircase to the Swamp.
 14000 | Lair:4   | Reached skill level 21 in Stealth
 14805 | Lair:5   | Found the ring of the Octopus King
 15049 | Lair:5   | Found a staircase to the Slime Pits.
 15414 | Lair:5   | Reached skill level 10 in Spellcasting
 15424 | Lair:5   | Got a ring of the Octopus King
 15426 | Lair:5   | Identified a ring of the Octopus King {rF+ AC+1 EV+1 Str+1 Int+1 Dex+1} (You found it on level 5 of the Lair of Beasts)
 15506 | Lair:6   | Entered Level 6 of the Lair of Beasts
 15661 | Lair:6   | Reached skill level 22 in Stealth
 15662 | Lair:6   | Reached skill level 10 in Short Blades
 16204 | Lair:6   | Reached XP level 14. HP: 63/63 MP: 26/29
 16963 | D:10     | Found a staircase to the Orcish Mines.
 17072 | D:10     | Identified the Papyrus of Spatial Ice
 17658 | D:10     | Reached skill level 23 in Stealth
 17825 | D:10     | Noticed Josephine
 17834 | D:10     | Killed Josephine
 17878 | Orc:1    | Entered Level 1 of the Orcish Mines
 18387 | Orc:2    | Entered Level 2 of the Orcish Mines
 18874 | Orc:2    | Found a staircase to the Elven Halls.
 18964 | Orc:2    | Noticed Nessos
 18972 | Orc:2    | Killed Nessos
 19125 | Orc:2    | Found Qohorchehie's General Store.
 19133 | Orc:2    | Bought a scroll of identify for 22 gold pieces
 19133 | Orc:2    | Bought a scroll of acquirement for 572 gold pieces
 19187 | Orc:2    | Got a translucent rapier
 19188 | Orc:2    | Identified the +1 rapier of Lumpy {speed, rF+ MR+} (You acquired it on level 2 of the Orcish Mines)
 19562 | Orc:2    | Found Vuicwoar's Distillery.
 19643 | Orc:2    | Bought a potion of degeneration for 11 gold pieces
 19668 | Orc:2    | Found a radiant altar of Vehumet.
 19669 | Orc:2    | Noticed Erolcha
 19674 | Orc:2    | Found Eliasch's Antique Weapon Boutique.
 20111 | Orc:2    | Found an ancient bone altar of Kikubaaqudgha.
 20138 | Orc:2    | Found a roughly hewn altar of Beogh.
 20138 | Orc:2    | Found Ziluem's Book Shop.
 20402 | Orc:2    | Killed Erolcha
 20435 | Orc:2    | Found Peitz's Antique Armour Shop.
 20440 | Orc:2    | Bought a book of Party Tricks for 650 gold pieces
 20447 | Orc:2    | Learned a level 6 spell: Invisibility
 21385 | Lair:1   | Learned a level 2 spell: Blink
 21391 | Lair:1   | Learned a level 5 spell: Silence
 21592 | D:11     | Noticed Sonja
 21594 | D:11     | Killed Sonja
 21751 | D:11     | Noticed Gastronok
 21758 | D:11     | Killed Gastronok
 21758 | D:11     | Reached XP level 15. HP: 67/67 MP: 30/30
 21872 | D:11     | Noticed Redear's ghost (novice TrMo)
 21895 | D:11     | Killed Redear's ghost
 22705 | D:12     | Noticed Azrael
 22738 | D:12     | Killed Azrael
 23579 | D:13     | Found a labyrinth entrance.
 23588 | Lab      | Entered a labyrinth
 23736 | Lab      | Reached skill level 1 in Evocations
 23737 | Lab      | Identified the Handbook of Malediction
 23920 | D:13     | Found a sacrificial altar of Ru.
 23954 | D:13     | Got a jewelled hunting sling
 23961 | D:13     | Identified the +7 hunting sling "Weec" {flame, rElec rC+} (You found it on level 13 of the Dungeon)
 24282 | D:13     | Found Yfistujustri's Weapon Boutique.
 24537 | D:14     | Found a snail-covered altar of Cheibriados.
 24540 | D:14     | Noticed Urug
 24551 | D:14     | Killed Urug
 24944 | D:14     | Noticed Rupert
 24946 | D:14     | Killed Rupert
 25029 | D:14     | Got a spiked hat
 25040 | D:14     | Identified the +0 hat of Responsibility {MR+} (You acquired it on level 14 of the Dungeon)
 25069 | D:14     | Got a brightly glowing quick blade
 25283 | D:14     | Identified the +2 quick blade "Demonslayer" {pierce, rN+ MR+ Str+4} (You acquired it on level 14 of the Dungeon)
 25966 | D:14     | Found a gate to the Vaults.
 25975 | D:14     | Found a portal to a secret trove of treasure.
 26141 | D:15     | Entered Level 15 of the Dungeon
 26141 | D:15     | Found a glowing golden altar of the Shining One.
 26168 | D:15     | Found a staircase to the Depths.
 26605 | D:15     | Found Xis Null's Changing Room.
 27101 | D:15     | Reached XP level 16. HP: 75/75 MP: 26/31
 27128 | D:15     | Reached skill level 5 in Fighting
 27241 | D:15     | Reached skill level 15 in Short Blades
 27627 | Depths:1 | Entered Level 1 of the Depths
 27794 | D:9      | Bought an uncursed ring of flight for 210 gold pieces
 27893 | Lair:1   | Learned a level 8 spell: Discord
 27899 | Lair:1   | Learned a level 5 spell: Metabolic Englaciation
 27902 | Lair:1   | Learned a level 2 spell: Shroud of Golubria
 27986 | Spider:1 | Entered Level 1 of the Spider Nest
 28357 | Spider:1 | Reached skill level 24 in Stealth
 30028 | Spider:2 | Noticed Aizul
 31306 | Spider:2 | Killed Aizul
 31460 | Spider:3 | Noticed Arachne
 31463 | Spider:3 | Killed Arachne
 31463 | Spider:3 | Reached skill level 1 in Slings
 31679 | Spider:3 | Noticed Mara
 31736 | Spider:3 | Reached skill level 15 in Dodging
 31738 | Spider:3 | Reached skill level 15 in Hexes
 31933 | Spider:3 | Killed Mara
 31933 | Spider:3 | Reached skill level 25 in Stealth
 32000 | Spider:4 | Entered Level 4 of the Spider Nest
 32208 | Spider:4 | Reached XP level 17. HP: 40/80 MP: 33/33
 32284 | Spider:4 | Got a gossamer rune of Zot
 32484 | Spider:4 | Reached skill level 26 in Stealth
 33437 | Swamp:1  | Entered Level 1 of the Swamp
 33495 | Swamp:1  | Noticed Kirke
 33503 | Swamp:1  | Killed Kirke
 33978 | Swamp:1  | Reached skill level 5 in Slings
 34116 | Swamp:2  | Noticed Kairos's ghost (journeyman GrGl)
 34131 | Swamp:2  | Killed Kairos's ghost
 34821 | Swamp:3  | Noticed Bai Suzhen
 34908 | Swamp:3  | Noticed Louise
 34927 | Swamp:3  | Noticed Donald
 35051 | Swamp:3  | Killed Louise
 36041 | Swamp:3  | Killed Bai Suzhen
 36083 | Swamp:3  | Killed Donald
 36473 | Swamp:4  | Entered Level 4 of the Swamp
 36920 | Swamp:4  | Reached XP level 18. HP: 84/84 MP: 30/35
 36932 | Swamp:4  | Reached skill level 27 in Stealth
 37078 | Swamp:3  | Gained mutation: You have large cloven feet. [mutagenic glow]
 37124 | Swamp:3  | Lost mutation: You have large cloven feet. [mutagenic glow]
 37799 | Swamp:4  | Noticed the 27-headed Lernaean hydra
 38143 | Swamp:4  | Killed the 27-headed Lernaean hydra
 38143 | Swamp:4  | Reached skill level 1 in Translocations
 38512 | Swamp:4  | Got a decaying rune of Zot
 39324 | Vaults:1 | Entered Level 1 of the Vaults
 39370 | Vaults:1 | Reached skill level 1 in Charms
 40064 | Vaults:1 | Found Cyichetz's Magic Scroll Emporium.
 40081 | Vaults:1 | Bought a scroll of blinking for 135 gold pieces
 40659 | Vaults:1 | Found an iron altar of Okawaru.
 42404 | Vaults:2 | Reached skill level 5 in Translocations
 42424 | Vaults:2 | Reached skill level 5 in Evocations
 42448 | Vaults:2 | Reached XP level 19. HP: 88/88 MP: 38/38
 42827 | Vaults:2 | Got a pitted rapier
 42834 | Vaults:2 | Identified the +2 rapier of Precise Incision {freeze, rF+ rN+} (You found it on level 2 of the Vaults)
 43610 | Vaults:2 | Noticed Jorgrun
 43622 | Vaults:2 | Killed Jorgrun
 44871 | Vaults:2 | Reached skill level 15 in Spellcasting
 46359 | Vaults:3 | Noticed Boris
 47164 | Vaults:3 | Blown up by Boris

Skill      XL: |  1  2  3  4  5  6  7  8  9 10 11 12 13 14 15 16 17 18 19 |
---------------+----------------------------------------------------------+-----
Stealth        | 5 6 8 9 12 13 15 18 20 22 23 25 26 27 | 27.0
Hexes          | 4 5 7 8 10 11 12 13 14 15 16 17 18 | 18.5
Short Blades   | 2 4 5 6 7 8 9 10 11 14 15 | 15.1
Spellcasting   | 3 4 5 6 7 8 9 10 11 12 14 15 | 15.3
Fighting       | 1 2 4 5 |  5.3
Ice Magic      | 1 2 |  2.2
Dodging        | 4 6 8 10 11 12 14 15 16 17 | 17.6
Evocations     | 1 5 7 |  7.2
Slings         | 3 6 8 9 |  9.7
Translocations | 5 7 |  7.6
Charms         | 1 |  1.1
Air Magic      | |  0.2

Action                   |  1- 3 |  4- 6 |  7- 9 | 10-12 | 13-15 | 16-18 | 19-21 || total
-------------------------+-------+-------+-------+-------+-------+-------+-------++-------
Melee: Dagger            |   120 |   112 |   194 |   339 |   413 |       |       ||  1178
       Rapier            |       |       |       |       |   281 |    23 |       ||   304
       Quick blade       |       |       |       |       |    92 |   718 |   170 ||   980
 Fire: Hunting sling     |       |       |       |       |       |    23 |       ||    23
 Cast: Ensorcelled Hiber |    20 |    11 |    49 |   132 |   314 |   213 |    27 ||   766
       Corona            |     7 |       |       |       |       |     4 |       ||    11
       Confuse           |     4 |     6 |    22 |    18 |   170 |   186 |   114 ||   520
       Invisibility      |       |       |       |       |     5 |    18 |     5 ||    28
       Silence           |       |       |       |       |     1 |       |       ||     1
       Metabolic Englaci |       |       |       |       |       |    12 |       ||    12
       Shroud of Golubri |       |       |       |       |       |    10 |       ||    10
Invok: Line Pass         |       |       |       |     2 |     1 |       |       ||     3
       Stomp             |       |       |       |     1 |       |     1 |       ||     2
 Abil: Evoke Flight      |       |       |       |       |       |    46 |       ||    46
       Stop Flying       |       |       |       |       |       |    14 |       ||    14
Evoke: Wand              |       |       |       |       |     4 |    22 |       ||    26
       Lamp of fire      |       |       |       |       |       |     1 |       ||     1
       Box of beasts     |       |       |       |       |       |     1 |       ||     1
  Use: Scroll            |       |       |    10 |     5 |    22 |     4 |     5 ||    46
       Potion            |       |       |     2 |     1 |     3 |    11 |       ||    17
 Stab: Sleeping          |    21 |     9 |    39 |   112 |   312 |   216 |    33 ||   742
       Confused          |       |     4 |    12 |    13 |    70 |    83 |    59 ||   241
       Distracted        |       |       |     1 |     4 |    11 |    20 |     5 ||    41
       Paralysed         |       |       |       |    13 |    27 |    35 |    10 ||    85
       Invisible         |       |       |       |       |    14 |   103 |     8 ||   125
  Eat: Ration            |       |     2 |     3 |     4 |     7 |    15 |     3 ||    34
Armor: Robe              |    20 |     6 |     4 |     5 |    16 |    24 |     3 ||    78
Dodge: Dodged            |    88 |    80 |   105 |   202 |   405 |   600 |    92 ||  1572
